 Dungeon Crawl Stone Soup version 0.19-a0-32-gbfd796a (webtiles) character file.

5 M4edhros the Grave Robber (level 1, -6/11 HPs)
             Began as an Octopode Necromancer on May 3, 2016.
             Mangled by a hobgoblin
             ... wielding a +0 club
              (7 damage)
             ... on level 1 of the Dungeon.
             The game lasted 00:00:33 (86 turns).

M4edhros the Grave Robber (Octopode Necromancer)      Turns: 86, Time: 00:00:34

Health: -6/11      AC:  1    Str:  7    XL:     1   Next: 80%
Magic:  0/3        EV: 12    Int: 17    God:
Gold:   27         SH:  0    Dex: 12    Spells: 1 memorised, 3 levels left

rFire  . . .     SeeInvis .       - Unarmed
rCold  . . .     Gourm    .     (no shield)
rNeg   . . .     Faith    .     (helmet restricted)
rPois  .         Spirit   .     (no amulet)
rElec  .         Dismiss  .     (no ring)
rCorr  .         Reflect  .     (no ring)
SustAt .         Harm     .     (no ring)
MR     .....                    (no ring)
Stlth  +++.......               (no ring)
                                (no ring)
                                (no ring)
                                (no ring)

@: not resistant to hostile enchantments, fairly stealthy
A: almost no armour, amphibious, 8 rings, constrict 8, camouflage 1, gelatinous
body 1
a: no special abilities


You were on level 1 of the Dungeon.
You were not hungry.

You visited 1 branch of the dungeon, and saw 1 of its levels.

You collected 27 gold pieces.

Inventory:

Scrolls
 c - a scroll of immolation {unknown}
 d - 2 scrolls of magic mapping {unknown}
 f - a scroll of noise {unknown}
Potions
 e - a potion of curing {unknown}
Books
 a - a book of Necromancy

   Spells                             Type                      Level
   a - Pain                           Necromancy                   1
   b - Animate Skeleton               Necromancy                   1
   c - Vampiric Draining              Necromancy                   3
   d - Regeneration                   Charms/Necromancy            3
   e - Animate Dead                   Necromancy                   4
   f - Control Undead                 Necromancy                   4
Comestibles
 b - a bread ration


   Skills:
 - Level 2.0 Dodging
 - Level 2.6 Stealth
 + Level 1.3 Unarmed Combat
 - Level 2.0 Spellcasting
 - Level 4.0 Necromancy


You had 3 spell levels left.
You knew the following spells:

 Your Spells              Type           Power        Failure   Level  Hunger
a - Pain                  Necr           ###.         3%          1    #......


Dungeon Overview and Level Annotations

Branches:
Dungeon (1/15)

Altars:


Innate Abilities, Weirdness & Mutations

You cannot wear most types of armour.
You are amphibious.
You can wear up to eight rings at the same time.
You can use your tentacles to constrict eight enemies at once.
Your skin changes colour to match your surroundings (Stealth).
Your rubbery body absorbs attacks (AC +1).


Message History

The kobold shouts!
Casting: Pain
Confirm with . or Enter, or press ? or * to list all spells.
Aiming: Pain
Press: ? - help, Shift-Dir - straight line, f - hobgoblin
Aim: a hobgoblin, wielding a club (chance to defeat MR: 92%)
The hobgoblin barely resists.
Casting: Pain
Confirm with . or Enter, or press ? or * to list all spells.
Aiming: Pain
Press: ? - help, Shift-Dir - straight line, f/p - hobgoblin
Aim: a hobgoblin, wielding a club (chance to defeat MR: 92%)
The hobgoblin barely resists.
You tentacle-slap the hobgoblin but do no damage.
Your grab misses the hobgoblin. The hobgoblin misses you.
You barely miss the hobgoblin. Your grab misses the hobgoblin.
You tentacle-slap the hobgoblin, but do no damage.
The hobgoblin hits you with a club!
Ouch! That really hurt!
You die...

#.......#..)...#....#
####................########
#..........#.......§.......#
#...######.#.......§≈§.....##
#...# #.#.......§§§.......
#...# ###K###......≈§.......
#...# #....##.............#.
##### #...g#...≈...≈<..≈....
#....@..≈≈≈.≈≈≈.≈≈≈..#
#####....§..§≈§..≈..##
#...............#
##...$...≈......#
......§≈≈.....#
#.....§≈......#
.............# ######


You could see a hobgoblin and a kobold.

Vanquished Creatures
  A ball python (D:1)
  A giant cockroach (D:1)
  A hobgoblin (D:1)
  A kobold (D:1)
  A rat (D:1)
5 creatures vanquished.

Notes
Turn   | Place    | Note
--------------------------------------------------------------
     0 | D:1      | M4edhros the Octopode Necromancer began the quest for the Orb.
     0 | D:1      | Reached XP level 1. HP: 11/11 MP: 3/3
    25 | D:1      | Reached skill level 1 in Unarmed Combat
    86 | D:1      | Mangled by a hobgoblin

Vault maps used:
D:1:      minmay_arrival_five_plusses, kennysheep_minor_cross

Skill      XL: |  1 |
---------------+----+-----
Unarmed Combat | 1 |  1.3
Dodging        | |  2.0
Stealth        | |  2.6
Spellcasting   | |  2.0
Necromancy     | |  4.0

Action                   || total
-------------------------++-------
Melee: Unarmed           ||     7
       Constrict         ||     3
       Tentacles         ||     2
       Punch             ||     1
 Cast: Pain              ||     7
Dodge: Dodged            ||     4
